 Dungeon Crawl Stone Soup version 0.26.0-16-gc1dbca0489 (webtiles) character file.

Game seed: 1533401151421757932

248 trckry the Ruffian (level 5, -9/40 HPs)
             Began as a Draconian Transmuter on Jan 17, 2021.
             Killed by divine providence
             ... invoked by an orc priest
              (13 damage)
             ... on level 4 of the Dungeon.
             The game lasted 00:06:06 (3555 turns).

trckry the Ruffian (Draconian Transmuter)           Turns: 3555, Time: 00:06:07

Health: -9/40      AC:  5    Str: 12    XL:     5   Next: 86%
Magic:  7/8        EV: 12    Int: 15    God:
Gold:   132        SH:  0    Dex: 11    Spells: 5/8 levels left

rFire    . . .     SeeInvis .     - Unarmed
rCold    . . .     Faith    .   (no shield)
rNeg     . . .     Spirit   .   (armour unavailable)
rPois    .         Reflect  .   (helmet currently unavailable)
rElec    .         Harm     .   (no cloak)
rCorr    .         Rampage  .   (no gloves)
Will     .....                  (boots currently unavailable)
Stlth    +.........             (no amulet)
HPRegen  0.13/turn              (no ring)
MPRegen  0.11/turn              (no ring)

@: appendages (expiring), wereblooded
A: unfitting armour, horns 2, talons 2, cold-blooded, AC +5
a: End Transformation


You were on level 4 of the Dungeon.
You had grown temporary horns.
You had grown temporary talons.
You visited 1 branch of the dungeon, and saw 4 of its levels.

You collected 132 gold pieces.

Inventory:

Missiles
 n - 5 poisoned darts
Jewellery
 l - an uncursed ring of flight {unknown}
Wands
 m - a wand of disintegration (13) (quivered)
Scrolls
 a - a scroll of enchant weapon {unknown}
 e - 5 scrolls of identify {unknown}
 f - 2 scrolls of teleportation {unknown}
 g - a scroll of fear {unknown}
 i - 2 scrolls of enchant armour {unknown}
 j - a scroll of amnesia {unknown}
 k - a scroll of remove curse {unknown}
Potions
 b - 3 potions of curing {unknown}
 c - a potion of lignification {unknown}
 d - 2 potions of brilliance {unknown}
 h - a potion of cancellation {unknown}


   Skills:
 - Level 1.1 Fighting
 - Level 1.7 Dodging
 * Level 5.1 Unarmed Combat
 - Level 2.0 Spellcasting
 * Level 4.6 Transmutations


You had 5 spell levels left.
You knew the following spells:

 Your Spells              Type           Power        Failure   Level
a - Beastly Appendage     Tmut           30%          3%          1
b - Wereblood             Tmut           15%          4%          2

Your spell library contained the following spells:

 Spells                   Type           Power        Failure   Level
 Spider Form              Tmut/Pois      4%           26%         3
 Ice Form                 Ice/Tmut       8%           65%         4
 Blade Hands              Tmut           7%           67%         5


Dungeon Overview and Level Annotations

Branches:
Dungeon (4/15)
 Temple: D:4-7

Altars:

Annotations:
D:2 Sigmund


Innate Abilities, Weirdness & Mutations

Your plain brown scales are hard. (AC +5)
You cannot fit into any form of body armour.
You are cold-blooded and may be slowed by cold attacks.
You have a pair of horns on your head.
You have razor-sharp toenails.


Message History

The orc priest invokes the aid of Beogh against you.
Beogh smites you!
Things that are here:
a +0 hand axe; an orc corpse The orc wizard gestures at itself while chanting.
The orc wizard flickers and vanishes!
Deactivating autopickup; reactivate with Ctrl-A.
The orc priest invokes the aid of Beogh against you.
Beogh smites you!
* * * LOW HITPOINT WARNING * * *
You howl as the wereblood boils in your veins!
You punch the orc priest!
The orc priest is heavily wounded.
Your transformation is almost over.
The orc priest closely misses you.
You hit the orc priest but do no damage.
The orc priest is heavily wounded.
The orc priest invokes the aid of Beogh against you.
Beogh smites you!
You die...

..............#
##............# ####
########...#.# #..###
###†..# ##...##
####.....# ##...###
#####......#..
##....###.......#####.
##.....#......## #.
###@.........# ##
##o........# #.
#..#.......# #.
##.##.......# ##
##..##.......#
#.o###.......# ##.##
#......## ##o##
#.....## #.{# ##...##


You could see an orc priest.

Vanquished Creatures
  2 hounds
  An orc wizard (D:3)
  An iguana (D:4)
  4 adders
  An ooze (D:1)
  2 worms
  3 dart slugs
  3 leopard geckos
  8 orcs
  11 bats
  5 giant cockroaches
  8 goblins
  4 hobgoblins
  6 jackals
  A ball python (D:3)
  7 frilled lizards
  8 kobolds
  7 rats
82 creatures vanquished.

Notes
Turn   | Place    | Note
-------+----------+-------------------------------------------
     0 | D:1      | trckry the Draconian Transmuter began the quest for the
                  | Orb.
     0 | D:1      | Reached XP level 1. HP: 16/16 MP: 3/3
   293 | D:1      | Reached XP level 2. HP: 20/23 MP: 5/5
   827 | D:1      | Reached XP level 3. HP: 20/28 MP: 6/6
  1193 | D:1      | Learned a level 2 spell: Wereblood
  1482 | D:2      | Noticed Sigmund
  1784 | D:3      | Reached skill level 4 in Unarmed Combat
  1793 | D:3      | Reached XP level 4. HP: 33/35 MP: 4/7
  2326 | D:3      | Reached XP level 5. HP: 33/40 MP: 6/8
  3228 | D:4      | Reached skill level 5 in Unarmed Combat
  3548 | D:4      | HP: 3/40 [orc priest/divine providence (12)]
  3555 | D:4      | Killed from afar by an orc priest

Illustrated notes

Levels and vault maps discovered:
D:1:      elethiomel_arrival_maze, layout_basic
D:2:      wad_crossroads, layout_basic, minmay_misc_feat_pillars,
          grunt_ministairs_1, uniq_terence, uniq_sigmund
D:3:      layout_loops_cross
D:4:      layout_cave_pods, kennysheep_generic_room_10

Skill      XL: |  1  2  3  4  5 |
---------------+----------------+-----
Transmutations | 3 4 |  4.6
Unarmed Combat | 4 5 |  5.1
Fighting       | |  1.1
Dodging        | |  1.7
Spellcasting   | |  2.0

Action                   |  1- 3 |  4- 6 || total
-------------------------+-------+-------++-------
Melee: Unarmed           |   183 |   108 ||   291
       Tailslap          |    12 |     7 ||    19
       Punch             |     1 |     2 ||     3
       Kick              |     4 |    15 ||    19
       Headbutt          |     2 |    11 ||    13
 Cast: Beastly Appendage |     3 |    15 ||    18
       Wereblood         |     2 |     5 ||     7
Armor: Skin              |    47 |    36 ||    83
Dodge: Dodged            |    99 |    55 ||   154
